 Dungeon Crawl Stone Soup version 0.19.0-20-gbc5f0c6 (webtiles) character file.

459 nikopol the Covered (level 7, 0/44 HPs)
             Began as a Gargoyle Fighter on Nov 17, 2016.
             Killed by nerve-wracking pain
             ... invoked by McCoppin's ghost
              (2 damage)
             ... on level 4 of the Dungeon.
             The game lasted 00:07:11 (3065 turns).

nikopol the Covered (Gargoyle Fighter)              Turns: 3065, Time: 00:07:11

Health: 0/44       AC: 12    Str: 21    XL:     7   Next: 6%
Magic:  7/7        EV:  7    Int:  8    God:
Gold:   157        SH:  9    Dex: 10    Spells: 0 memorised, 6 levels left

rFire  . . .     SeeInvis .     a - +0 war axe
rCold  . . .     Gourm    .     b - +0 scale mail
rNeg   + . .     Faith    .     c - +0 shield
rPois  ∞         Spirit   .     (no helmet)
rElec  +         Reflect  .     (no cloak)
rCorr  .         Harm     .     (no gloves)
MR     .....                    (no boots)
Stlth  ..........               (no amulet)
                                (no ring)
                                (no ring)

@: no status effects
A: negative energy resistance 1, electricity resistance, unbreathing,
petrification resistance, rot immunity, AC +4
a: no special abilities


You were on level 4 of the Dungeon.
You were not hungry.

You visited 1 branch of the dungeon, and saw 4 of its levels.

You collected 157 gold pieces.

Inventory:

Hand Weapons
 a - a +0 war axe (weapon)
Armour
 b - a +0 scale mail (worn)
 c - a +0 shield (worn)
 v - a +0 pair of gloves
Jewellery
 t - an uncursed ring of poison resistance {unknown}
 x - an uncursed amulet of the gourmand {unknown}
Scrolls
 e - 3 scrolls of teleportation {unknown}
 g - 2 scrolls of random uselessness {unknown}
 k - 2 scrolls of immolation {unknown}
 l - 2 scrolls of magic mapping {unknown}
 m - a scroll of amnesia {unknown}
 n - a scroll of blinking {unknown}
 r - a scroll of fear {unknown}
Potions
 d - 3 potions of might
 h - 2 potions of brilliance {unknown}
 i - a potion of cure mutation {unknown}
 o - a potion of curing {unknown}
 q - a potion of haste {unknown}
 u - a potion of heal wounds {unknown}
 w - 3 potions of agility {unknown}
Comestibles
 f - 3 bread rations
 j - 6 fruits
 p - 2 beef jerkies
 s - a meat ration
 z - 2 chunks of flesh


   Skills:
 + Level 4.7 Fighting
 * Level 4.1 Axes
 + Level 5.1 Armour
 + Level 4.8 Shields


You had 6 spell levels left.
You didn't know any spells.

Dungeon Overview and Level Annotations

Branches:
Dungeon (4/15)
 Temple: D:4-7

Altars:
Ru
Vehumet
The Shining One

Annotations:
D:4 McCoppin's ghost, amateur OpNe


Innate Abilities, Weirdness & Mutations

You are resistant to torment.
Your stone body is resilient. (AC +4)
You are immune to poison.
You resist negative energy. (rN+)
You are resistant to electric shocks. (rElec)
You can survive without breathing.
You are immune to petrification.
You are immune to rotting.


Message History

You slash McCoppin's ghost!
McCoppin's ghost is almost destroyed.
McCoppin's ghost hits you but does no damage.
You block McCoppin's ghost's attack.
You barely miss McCoppin's ghost.
McCoppin's ghost is almost destroyed.
McCoppin's ghost stares at you and mumbles some strange words.
Pain shoots through your body!
* * * LOW HITPOINT WARNING * * *
You closely miss McCoppin's ghost.
McCoppin's ghost is almost destroyed.
McCoppin's ghost hits you but does no damage.
You barely miss McCoppin's ghost.
McCoppin's ghost is almost destroyed.
McCoppin's ghost is infused with unholy energy.
* * * LOW HITPOINT WARNING * * *
McCoppin's ghost draws life force from you and is healed!
McCoppin's ghost stares at you and mumbles some strange words.
Pain shoots through your body!
You die...

........#.#......#
....
#########.#.....##
...$.
#.#.....##......
#.####.....#
#........###
####......# $
#...#.#.#
....######%.##...#
.....sW@..$.......#
.....#########....#
#.. #.#...# #
..#...# ###..#


You could see McCoppin's ghost and a giant cockroach.

Vanquished Creatures
  Sigmund (D:3)
  The ghost of dracos369 the Slasher, an amateur TeAK of Lugonu (D:3)
  Jessica (D:2)
  An orc wizard (D:3)
  A howler monkey skeleton (D:3)
  5 adders
  A gnoll (D:1)
  3 oozes
  A worm (D:3)
  2 dart slugs (D:2)
  5 leopard geckos
  6 orcs (D:3)
  12 bats
  5 giant cockroaches
  9 hobgoblins
  2 jackals (D:1)
  A quokka (D:2)
  A ball python (D:2)
  6 frilled lizards
  3 goblins
  9 kobolds
  13 rats
89 creatures vanquished.

Notes
Turn   | Place    | Note
-------+----------+-------------------------------------------
     0 | D:1      | nikopol the Gargoyle Fighter began the quest for the Orb.
     0 | D:1      | Reached XP level 1. HP: 14/14 MP: 1/1
    31 | D:1      | Reached XP level 2. HP: 15/19 MP: 2/2
   228 | D:1      | Reached XP level 3. HP: 20/23 MP: 3/3
   896 | D:1      | Reached skill level 4 in Armour
  1073 | D:2      | Noticed Jessica
  1080 | D:2      | Killed Jessica
  1080 | D:2      | Reached XP level 4. HP: 27/29 MP: 4/4
  1311 | D:2      | Found a glowing golden altar of the Shining One.
  1429 | D:2      | Reached XP level 5. HP: 27/33 MP: 5/5
  1884 | D:3      | Found a sacrificial altar of Ru.
  2051 | D:3      | Noticed dracos369's ghost (amateur TeAK)
  2083 | D:2      | Found a radiant altar of Vehumet.
  2216 | D:3      | Noticed Sigmund
  2233 | D:3      | Killed Sigmund
  2233 | D:3      | Reached skill level 5 in Armour
  2233 | D:3      | Reached XP level 6. HP: 11/39 MP: 6/6
  2895 | D:3      | Killed dracos369's ghost
  2895 | D:3      | Reached XP level 7. HP: 38/44 MP: 7/7
  3045 | D:4      | Noticed McCoppin's ghost (amateur OpNe)
  3065 | D:4      | HP: 2/44 [McCoppin's ghost/vampiric draining (2)]
  3065 | D:4      | Killed from afar by McCoppin's ghost

Skill      XL: |  1  2  3  4  5  6 |
---------------+-------------------+-----
Axes           | 2 3 4 |  4.1
Armour         | 4 5 |  5.1
Shields        | 4 |  4.8
Fighting       | 4 |  4.7

Action                   |  1- 3 |  4- 6 |  7- 9 || total
-------------------------+-------+-------+-------++-------
Melee: War axe           |    91 |   143 |    31 ||   265
  Eat: Chunk             |     1 |     5 |     1 ||     7
Armor: Scale mail        |    64 |    97 |    20 ||   181
Dodge: Dodged            |    46 |    56 |     5 ||   107
Block: Shield            |    60 |    88 |    18 ||   166
